 Dungeon Crawl Stone Soup version bcrawl-1.21.2-20-g6d45ba5942 (webtiles) character file.

Game seed: 3015984086330625292

431 MisterOstroum the Skirmisher (level 6, 0/62 HPs)
             Began as an Ogre Archaeologist on Feb 26, 2020.
             Was an Initiate of Trog.
             Slain by a water moccasin (8 damage)
             ... on level 4 of the Dungeon.
             The game lasted 00:08:22 (4526 turns).

MisterOstroum the Skirmisher (Ogre Archaeologist)   Turns: 4526, Time: 00:08:23

Health: 0/62       AC:  5    Str: 16    XL:     6   Next: 99%
Magic:  6/6        EV: 16    Int: 15    God:    Trog [......]
Gold:   203        SH:  0    Dex: 14    Spells: 3/5 levels left

rFire    . . .     SeeInvis .   n - +2 whip (elec)
rCold    . . .     Gourm    .   (no shield)
rNeg     . . .     Faith    .   b - +1 robe
rPois    .         Spirit   .   c - +1 hat
rElec    .         Reflect  .   (no cloak)
rCorr    .         Harm     .   (gloves unavailable)
MR       .....                  (boots unavailable)
Stlth    +++.......             (no amulet)
HPRegen  0.20/turn              (no ring)
MPRegen  0.10/turn              (no ring)

@: agile, lethally poisoned (0 -> -17)
A: large, unfitting armour, tough skin 1
a: Renounce Religion


You were on level 4 of the Dungeon.
You worshipped Trog.
Trog was noncommittal.
You were not hungry.

You visited 2 branches of the dungeon, and saw 5 of its levels.

You collected 203 gold pieces.

Inventory:

Hand Weapons
 a - a +0 whip
 n - a +2 whip of electrocution (weapon)
 o - a +0 rapier
Missiles
 i - 1150 stones (quivered)
 m - 151 tomahawks
 p - 144 arrows
 s - 416 sling bullets
 w - 160 bolts
Armour
 b - a +1 robe (worn)
 c - a +1 hat (worn)
Scrolls
 f - a scroll of acquirement
 g - a scroll of magic mapping {@r5 !r}
 h - 4 scrolls of identify {unknown}
 k - 2 scrolls of remove curse {unknown}
 q - a scroll of amnesia {unknown}
 r - a scroll of teleportation {unknown}
 v - a scroll of enchant armour {unknown}
Potions
 d - a potion of agility {@q5 !q}
 j - 2 potions of curing
 l - a potion of heal wounds {unknown}
 t - a potion of magic {unknown}
 u - a potion of ambrosia {unknown}
 x - 2 potions of mutation {unknown}
Comestibles
 e - 2 rations {!d}


   Skills:
 + Level 4.3 Fighting
 - Level 4.0 Maces & Flails
 + Level 3.8 Dodging
 - Level 3.0 Stealth
 - Level 3.1 Charms


You had 3 spell levels left.
You knew the following spells:

 Your Spells              Type           Power        Failure   Level  Hunger
a - Infusion              Chrm           #.......     8%          1    ##.....
b - Sandblast             Erth           #.....       26%         1    ##.....

Your spell library contained the following spells:

 Spells                   Type           Power        Failure   Level  Hunger
 Apportation              Tloc           #.....       26%         1    ##.....
 Slow                     Hex            #.......     26%         1    ##.....
 Summon Butterflies       Summ           #.......     26%         1    ##.....


Dungeon Overview and Level Annotations

Branches:
Dungeon (4/12)             Temple (1/1) D:4

Altars:
Cheibriados
Elyvilon
Gozag
Hepliaklqana
Kikubaaqudgha
Lugonu
Makhleb
Qazlal
Ru
Trog
Vehumet
Xom
Yredelemnul
The Shining One

Annotations:
D:2 Sigmund
D:4 1 exclusion, Blork the orc


Innate Abilities, Weirdness & Mutations

You are too large for most types of armour.
You have tough skin. (AC +1)


Message History

The magic dart hits you!
The orc shouts!
You hear an angry hiss.
An orc wizard comes into view. It is wielding a +0 dagger.
The orc wizard shouts!
The orc shouts!
The orc wizard casts a spell.
The orc wizard blinks!
You hear an angry hiss.
Found 27 gold pieces.
Okay, then.
Unknown command.
Unknown command.
Unknown command.
The orc wizard mumbles some strange words.
The orc wizard blinks!
Casting: Infusion (safe; 8% risk of failure)
Confirm with . or Enter, or press ? or * to list all spells.
Okay, then.
Unknown command.
Unknown command.
You closely miss the orc.
An orc comes into view. It is wielding a -3 flail.
The orc shouts!
You whack the orc!
You kill the orc!
Trog accepts your kill.
You hit the orc wizard.
Lightning courses through the orc wizard!
You kill the orc wizard!
Trog accepts your kill.
Trog appreciates your killing of a magic user.
Your life force feels restored.
The orc hits you with a +3 whip.
You closely miss the orc.
A water moccasin comes into view.
The orc barely misses you. The orc wizard casts a spell at you.
The magic dart hits you!
The water moccasin hisses angrily.
You hit the orc but do no damage. The orc closely misses you.
You barely miss the orc. The orc hits you but does no damage.
You hit the orc but do no damage. The orc hits you with a +3 whip.
You barely miss the orc. The orc barely misses you.
You barely miss the orc. The orc hits you but does no damage.
The orc barely misses you.
You hit the orc but do no damage. The orc barely misses you.
You hit the orc. Lightning courses through the orc!!
You kill the orc!
Trog accepts your kill. The orc barely misses you.
You hit the orc but do no damage. Lightning courses through the orc!
You kill the orc!
Trog accepts your kill.
You hit the water moccasin.
Lightning courses through the water moccasin!
The water moccasin is heavily wounded.
The water moccasin misses you. The water moccasin bites you.
You hit the water moccasin.
The water moccasin is heavily wounded.
The water moccasin bites you but does no damage.
You hit the water moccasin.
The water moccasin is severely wounded.
The water moccasin bites you but does no damage.
You barely miss the water moccasin.
The water moccasin is heavily wounded.
The water moccasin bites you.
You are too injured to fight recklessly!
You hit the water moccasin.
The water moccasin is severely wounded.
The water moccasin bites you!
You are poisoned.
The water moccasin poisons you! The water moccasin bites you.
You closely miss the water moccasin.
The water moccasin is heavily wounded.
You feel sick.
The water moccasin completely misses you.
Okay, then.
Unknown command.
Casting: Infusion (safe; 8% risk of failure)
Confirm with . or Enter, or press ? or * to list all spells.
Casting this spell will place you under penance.
Really cast?
Okay, then.
Unknown command.
You closely miss the water moccasin.
The water moccasin is heavily wounded.
You feel sick. The water moccasin closely misses you.
You closely miss the water moccasin.
The water moccasin is heavily wounded.
You feel sick. The water moccasin bites you!
* * * LOW HITPOINT WARNING * * *
You closely miss the water moccasin.
The water moccasin is heavily wounded.
You feel sick. The water moccasin bites you.
* * * LOW HITPOINT WARNING * * *
You are lethally poisoned!
The water moccasin poisons you! The water moccasin barely misses you.
It was a potion of agility.
You feel agile all of a sudden.
* * * LOW HITPOINT WARNING * * *
You feel sick. The water moccasin bites you!
You die...

###.## ..##........ # #.
.........# # #.## ..
........##. ###..##
#..##.......... ...#..# ...
.........## ##..#.## #.#
#......... ###....###
#.####....#.#.
#........####.##)S.o.......
..............#.@#.........
.........###....##.........
.......<.............#.....
.....(...#...#..######.....
...........#.##..#### ....
...........#.####...# ..#.
........#..#.. #.⌠.# .#
........##...####...###..#
........##.#............#.


You could see a water moccasin and an orc wizard.

Vanquished Creatures
  A wight (D:4)
  A crimson imp (D:4)
  A bullfrog skeleton (D:4)
  2 orc priests (D:3)
  A hound (D:4)
  Jessica (D:2)
  2 orc wizards
  A worker ant (D:3)
  An adder (D:4)
  4 oozes
  3 worms
  2 dart slugs
  5 leopard geckos
  11 orcs
  4 bats
  3 giant cockroaches
  5 goblins
  9 hobgoblins
  10 jackals
  2 quokkas
  2 frilled lizards (D:2)
  11 kobolds
  7 rats
89 creatures vanquished.

Notes
Turn   | Place    | Note
-------+----------+-------------------------------------------
     0 | D:1      | MisterOstroum the Ogre Archaeologist began the quest for
                  | the Orb.
     0 | D:1      | Reached XP level 1. HP: 19/19 MP: 1/1
   209 | D:1      | Reached XP level 2. HP: 22/27 MP: 2/2
   955 | D:1      | Reached XP level 3. HP: 16/35 MP: 3/3
  1350 | D:2      | Noticed Jessica
  1683 | D:2      | Noticed Sigmund
  1962 | D:2      | Learned a level 1 spell: Infusion
  1964 | D:2      | Learned a level 1 spell: Sandblast
  2135 | D:2      | Reached XP level 4. HP: 38/44 MP: 2/4
  3126 | D:2      | Killed Jessica
  3190 | D:3      | Reached skill level 1 in Charms
  3190 | D:3      | Reached XP level 5. HP: 20/52 MP: 5/5
  3190 | D:3      | Identified a scroll of acquirement
  3907 | D:3      | Reached XP level 6. HP: 52/61 MP: 1/6
  4192 | D:4      | Noticed Blork the orc
  4264 | D:4      | Found a staircase to the Ecumenical Temple.
  4282 | Temple   | Entered the Ecumenical Temple
  4473 | Temple   | Became a worshipper of Trog the Wrathful
  4508 | D:4      | Noticed a water moccasin
  4526 | D:4      | Slain by a water moccasin

Skill      XL: |  1  2  3  4  5  6 |
---------------+-------------------+-----
Maces & Flails | 2 3 4 |  4.0
Stealth        | 3 |  3.0
Fighting       | 2 3 4 |  4.3
Dodging        | 3 |  3.8
Charms         | 1 2 3 |  3.1

Action                   |  1- 3 |  4- 6 || total
-------------------------+-------+-------++-------
Melee: Whip              |   216 |   202 ||   418
Throw: Stone             |     2 |     3 ||     5
 Cast: Infusion          |     1 |    13 ||    14
  Use: Potion            |       |     2 ||     2
 Stab: Sleeping          |     5 |     4 ||     9
  Eat: Chunk             |     4 |     5 ||     9
       Ration            |       |     1 ||     1
Armor: Robe              |    73 |    57 ||   130
Dodge: Dodged            |   115 |    79 ||   194
